 Dungeon Crawl Stone Soup version 0.30-a0-368-g86fb4627a9 (webtiles) character file.

Game seed: 1776377033300613299

95 oldriver the Magician (level 4, -4/34 HPs)
             Began as a Mummy Necromancer on Nov 19, 2022.
             Killed by divine providence
             ... invoked by an orc priest
              (13 damage)
             ... on level 3 of the Dungeon.
             The game lasted 00:02:48 (1911 turns).

oldriver the Magician (Mummy Necromancer)           Turns: 1911, Time: 00:02:48

Health: -4/34      AC:  4    Str: 11    XL:     4   Next: 39%
Magic:  6/10       EV: 12    Int: 16    God:
Gold:   62         SH:  0    Dex: 12    Spells: 11/12 levels left

rFire   x . .      SeeInvis .    (no weapon)
rCold   + . .      Faith    +    (no shield)
rNeg    + + +      Spirit   .    a - +0 robe
rPois   ∞          Reflect  .    i - +0 hat
rElec   .          Harm     .    (no cloak)
rCorr   .          Rampage  .    e - +0 pair of gloves
Will    .....                    h - +0 pair of boots
Stlth   ++........               (no amulet)
HPRegen 0.25/turn                (no ring)
MPRegen 0.12/turn                (no ring)

@: no status effects
A: cold resistance 1, negative energy resistance 3, torment resistance 2, heat
vulnerability 1, in touch with death 1, no potions, faith
a: no special abilities


You were on level 3 of the Dungeon.
You visited 1 branch of the dungeon, and saw 3 of its levels.

You collected 90 gold pieces.
You spent 28 gold pieces at shops.

Inventory:

Armour
 a - a +0 robe (worn)
 e - a +0 pair of gloves (worn)
 h - a +0 pair of boots (worn)
 i - a +0 hat (worn)
Scrolls
 b - a scroll of brand weapon {unknown}
 c - a scroll of teleportation {unknown}
 d - a scroll of poison
 f - a scroll of enchant weapon
 g - a scroll of amnesia


   Skills:
 + Level 2.7 Fighting
 - Level 1.5 Dodging
 - Level 1.5 Stealth
 + Level 4.5 Spellcasting
 - Level 4.0 Necromancy


You had 11 spell levels left.
You knew the following spells:

 Your Spells              Type           Power      Damage    Failure   Level
a - Necrotise             Necr           96%        1d8       3%          1

Your spell library contained the following spells:

 Spells                   Type           Power      Damage    Failure   Level
 Vampiric Draining        Necr           24%        2d7       10%         3
 Animate Dead             Necr           24%        N/A       30%         4
 Agony                    Necr           24%        N/A       65%         5
 Borgnjor's Vile Clutch   Necr/Erth      7%         N/A       89%         5
 Death Channel            Necr           12%        N/A       99%         6


Dungeon Overview and Level Annotations

Branches:
Dungeon (3/15)

Altars:

Shops:
D:2 =(?


Innate Abilities, Weirdness & Mutations

You are immune to poison.
Your flesh is cold resistant. (rC+)
You are immune to negative energy. (rN+++)
You are immune to unholy pain and torment.
You are vulnerable to heat. (rF-)
You are in touch with the powers of death.
You do not drink.
You have a special connection with the divine. (Faith)


Message History

An orc priest comes into view. It is wielding a +0 short sword.
You feel a surge of power!
The orc writhes in agony.
A quokka comes into view.
Your frilled lizard skeleton bites the worm.
An endoplasm comes into view.
The worm bites your frilled lizard skeleton.
You feel a surge of power!
The orc writhes in agony!
You kill the orc!
The dead are walking!
Your frilled lizard skeleton bites the worm.
You feel a surge of power!
The orc writhes in agony.
The orc priest calls down the wrath of Beogh upon you.
Beogh smites you!
Your frilled lizard skeleton bites the worm but does no damage.
You feel a surge of power!
Really fire in your rat skeleton's direction? [Y]es or [N]o only, please.
Really fire in your rat skeleton's direction? [Y]es or [N]o only, please.
Really fire in your rat skeleton's direction?
Okay, then.
Your rat skeleton completely misses the orc.
Your frilled lizard skeleton bites the worm but does no damage.
Your orc skeleton hits the orc.
Your rat skeleton closely misses the orc.
The orc hits your rat skeleton with a +2 war axe of flaming!
The orc burns your rat skeleton.
Your rat skeleton is destroyed!
The orc hits your orc skeleton with a +2 war axe of flaming!
The orc burns your orc skeleton.
Your orc skeleton is destroyed!
Your frilled lizard skeleton bites the worm but does no damage.
The quokka closely misses you.
The orc priest invokes the aid of Beogh against you.
Beogh smites you!
* * * LOW HITPOINT WARNING * * *
The quokka bites you but does no damage.
The orc priest calls down the wrath of Beogh upon you.
Beogh smites you!
You die...

..... #..................
.........#..................
#.....#.##..................
#.. ........................
#... .......................
.#...###.##.................#
).......................#....
.............................
......)oo..r@................
.....o...J.###+###.....#.....
...........# .....#.....
.....##...... .... ...
.....#....w.... ... ... ....
#....Z..... ... .. ...
............ ... .........:..


You could see an orc priest, 2 orcs, an endoplasm and a quokka.

Vanquished Creatures
  5 adders (D:2)
  An orc (D:3)
  A ball python (D:1)
  5 endoplasms
  3 giant cockroaches
  5 goblins
  4 hobgoblins
  3 jackals
  A quokka (D:2)
  5 bats
  3 frilled lizards
  3 kobolds
  5 rats
44 creatures vanquished.

Vanquished Creatures (collateral kills)
  A ball python (D:2)
  A bat (D:1)
  A rat (D:2)
3 creatures vanquished.

Grand Total: 47 creatures vanquished

Notes
Turn   | Place    | Note
-------+----------+-------------------------------------------
     0 | D:1      | oldriver the Mummy Necromancer began the quest for the Orb.
     0 | D:1      | Reached XP level 1. HP: 13/13 MP: 4/4
   199 | D:1      | Reached skill level 1 in Fighting
   238 | D:1      | Reached XP level 2. HP: 21/21 MP: 4/6
  1007 | D:2      | Gained mutation: You are in touch with the powers of death.
                  | [Mummy growth]
  1007 | D:2      | Reached XP level 3. HP: 27/27 MP: 0/8
  1007 | D:2      | Found Waevvosch's Antique Weapon Emporium.
  1473 | D:2      | Reached XP level 4. HP: 34/34 MP: 6/10
  1598 | D:2      | Found Ikkig's Jewellery Boutique.
  1719 | D:2      | Found Ynunibleluz's Magic Scroll Emporium.
  1729 | D:2      | Bought a scroll of identify for 28 gold pieces
  1911 | D:3      | Killed from afar by an orc priest

Illustrated notes

Levels and vault maps discovered:
D:1:      saegor_arrival_simple_c, layout_basic
D:2:      layout_rooms, serial_shops, nicolae_shop_hallway_stairs,
          nicolae_lakefront_shop, shop
D:3:      layout_basic, lemuel_round_altar, uniq_ijyb, uniq_crazy_yiuf_cottage

Skill      XL: |  1  2  3 |
---------------+----------+-----
Spellcasting   | 3 4 |  4.5
Fighting       | 1 2 |  2.7
Dodging        | |  1.5
Stealth        | |  1.5
Necromancy     | |  4.0

Action                   |  1- 3 |  4- 6 || total
-------------------------+-------+-------++-------
Melee: Unarmed           |     6 |       ||     6
       Punch             |     1 |       ||     1
 Cast: Necrotise         |    69 |    18 ||    87
  Use: Scroll            |       |     3 ||     3
Armor: Robe              |    14 |     2 ||    16
Dodge: Dodged            |    22 |     5 ||    27

Table legend: (Time is in decaauts)
 A = Elapsed time spent in this place.
 B = Non-inter-level travel time spent in this place.
 C = Inter-level travel time spent in this place.
 D = Time resting spent in this place.
 E = Time spent auto-exploring this place.
 F = Levels seen in this place.
 G = Mean time per level.
                   A        B        C        D        E       F      G
               +--------+--------+--------+--------+--------+-----+--------+
         Total |   1911 |   1893 |     18 |    307 |   1207 |   3 |  637.0 |
       Dungeon |   1911 |   1893 |     18 |    307 |   1207 |   3 |  637.0 |
               +--------+--------+--------+--------+--------+-----+--------+

Top non-repeatable levels by time:
     D:1: 1174 daAuts
     D:2: 640 daAuts
     D:3: 96 daAuts
